 Dungeon Crawl Stone Soup version 0.31-a0-161-gb58dd9be76 (webtiles) character file.

Game seed: 12397717762318154902

39 qw the Chopper (level 3, -1/23 HPs)
             Began as a Gargoyle Fighter on June 12, 2023.
             Slain by a kobold
             ... wielding a +0 dagger
              (2 damage)
             ... on level 2 of the Dungeon.
             The game lasted 00:00:24 (683 turns).

qw the Chopper (Gargoyle Fighter)                    Turns: 683, Time: 00:00:24

Health: -1/23      AC: 10    Str: 21    XL:     3   Next: 45%
Magic:  3/3        EV:  9    Int:  8    God:
Gold:   69         SH:  4    Dex:  9    Spells: 2/2 levels left

rFire   . . .        Y - +0 war axe
rCold   . . .        c - +0 buckler
rNeg    + . .        b - +0 scale mail
rPois   inf          (no helmet)
rElec   +            (no cloak)
rCorr   .            (no gloves)
SInv    .            (no boots)
Will    .....        (no amulet) Stlth
                     (no ring)
HPRegen 0.23/turn    (no ring)
MPRegen 0.08/turn

%: no passive effects
@: no status effects
A: sickness immunity, AC +3, negative energy resistance 1, electricity
resistance, torment resistance 1, petrification resistance
a: no special abilities


You were on level 2 of the Dungeon.
You visited 1 branch of the dungeon, and saw 2 of its levels.

You collected 69 gold pieces.


Innate Abilities, Weirdness & Mutations

You are immune to sickness and miasma.
Your stone body is resilient. (AC +3)
You are immune to poison.
You resist negative energy. (rN+)
You are resistant to electric shocks. (rElec)
You are resistant to unholy torment.
You are immune to petrification.


   Skills:
 - Level 3.2 Fighting
 + Level 3.4 Axes
 - Level 3.2 Armour
 - Level 3.2 Shields


You had 2 spell levels left.
You didn't know any spells.
Your spell library was empty.

Inventory:

Hand Weapons
 j - a +0 whip
 Y - a +0 war axe (weapon)
Missiles
 h - 6 boomerangs (quivered)
Armour
 b - a +0 scale mail (worn)
 c - a +0 buckler (worn)
Potions
 d - 2 potions of might
 f - a potion of ambrosia {unknown}
 g - a potion of brilliance {unknown}
 i - a potion of curing {unknown}

Dungeon Overview and Level Annotations

Branches:
Dungeon (2/15)

Altars:

Shops:
D:1 (


Message History

The gnoll is moderately wounded.
The jackal barks!
You hit the rat.
You hear a bark!
A jackal comes into view.
The rat bites you but does no damage. The gnoll hits you but does no damage.
You hit the gnoll.
The gnoll is severely wounded.
You completely miss the rat. The rat bites you.
The gnoll hits you but does no damage.
A gnoll comes into view. It is wielding a +0 spear.
The rat misses you. The gnoll hits you with a +0 spear.
You hit the gnoll but do no damage.
The gnoll is severely wounded.
You slash the rat!
You kill the rat!
You closely miss the kobold.
A jackal comes into view.
The gnoll hits you but does no damage. You block the kobold's attack.
A jackal comes into view.
You closely miss the gnoll.
The gnoll is severely wounded.
The jackal barks!
You hit the kobold.
You hear a shout!
The kobold hits you but does no damage. The gnoll barely misses you.
The jackal closely misses you. The gnoll hits you but does no damage.
The kobold hits you but does no damage.
You hit the gnoll.
The gnoll is almost dead.
You hit the jackal.
You kill the jackal!
You miss the jackal. You hit the kobold but do no damage.
You block the jackal's attack. The gnoll barely misses you.
The kobold hits you but does no damage. The jackal bites you.
You hit the gnoll.
You kill the gnoll!
You barely miss the jackal. You hit the kobold but do no damage.
The gnoll barely misses you. The kobold hits you with a +0 dagger.
You die...

#.# #.# #.#
# .# #.# .#
... #.# .#
....##.##
.# #)....<#
.#
#.....h#..#
##.#.)@...#
#.##%.Kh.#
#
##gh......
..#.#....
.##......
.# ...... #
##.... .$.


You could see a gnoll, 3 jackals and a kobold.

Vanquished Creatures
  2 gnolls (D:2)
  3 ball pythons
  3 endoplasms (D:1)
  6 goblins (D:1)
  2 hobgoblins
  A jackal (D:2)
  A quokka (D:1)
  2 bats
  2 frilled lizards (D:1)
  4 kobolds (D:1)
  2 rats
28 creatures vanquished.

Notes
Turn   | Place    | Note
-------+----------+-------------------------------------------
     0 | D:1      | qw the Gargoyle Fighter began the quest for the Orb.
     0 | D:1      | Reached XP level 1. HP: 14/14 MP: 1/1
     0 | D:1      | 0 ||| qw: Version: 0.2-a-29-gc1b59c4
     0 | D:1      | 0 ||| qw: Game counter: 4201
     0 | D:1      | 0 ||| qw: Always use a shield: true
     0 | D:1      | 0 ||| qw: God list: Okawaru
     0 | D:1      | 0 ||| qw: Allow faded altars: false
     0 | D:1      | 0 ||| qw: Do Orc after D:15 true
     0 | D:1      | 0 ||| qw: Do second Lair branch before Depths: true
     0 | D:1      | 0 ||| qw: Lair rune preference: random
     0 | D:1      | 0 ||| qw: Plans: Normal, Zot:1-4, Slime:5, God:TSO, Crypt,
                  | Tomb, Abyss, Pan, Hells, Win
     0 | D:1      | 0 ||| PLANNING D:1-11
    29 | D:1      | 29 ||| Stepping ~*~*~tactically~*~*~ (stealth).
    67 | D:1      | Found Jisilogah's Antique Weapon Shop.
   105 | D:1      | 105 ||| Stepping ~*~*~tactically~*~*~ (stealth).
   107 | D:1      | 107 ||| Stepping ~*~*~tactically~*~*~ (hiding).
   147 | D:1      | Reached XP level 2. HP: 19/19 MP: 2/2
   203 | D:1      | 203 ||| Stepping ~*~*~tactically~*~*~ (stealth).
   414 | D:1      | 414 ||| DROPPING +0 club.
   514 | D:1      | Reached skill level 3 in Axes
   541 | D:1      | 541 ||| Stepping ~*~*~tactically~*~*~ (stealth).
   542 | D:1      | 542 ||| Stepping ~*~*~tactically~*~*~ (stealth).
   546 | D:1      | Reached XP level 3. HP: 23/23 MP: 3/3
   634 | D:1      | 634 ||| READING scroll labelled JINGOF BOFU.
   668 | D:2      | 668 ||| Stepping ~*~*~tactically~*~*~ (hiding).
   677 | D:2      | HP: 4/23 [gnoll/+0 spear (5)]
   682 | D:2      | HP: 1/23 [jackal (2)]
   683 | D:2      | Slain by a kobold

Levels and vault maps discovered:
D:1:      amcnicky_arrival_single_pillar, layout_basic, serial_shops,
          nicolae_shop_waterfront, roderic_lattice_a
D:2:      layout_rooms, serial_shops, shop

Skill      XL: |  1  2 |
---------------+-------+-----
Axes           | 2 3 |  3.4
Fighting       | |  3.2
Armour         | |  3.2
Shields        | |  3.2

Action                     || total
---------------------------++-------
  Melee: War axe           ||    63
  Throw: Boomerang         ||     5
    Use: Scroll            ||     1
 Armour: Scale mail        ||    43
  Dodge: Dodged            ||    34
  Block: Buckler           ||    16

Table legend:
 A = Non-vault XP
 B = Vault XP
 C = Vault XP percentage of total XP
 D = Non-vault monster count
 E = Vault monster count
 F = Vault count percentage of total count
                 A         B        C        D         E       F
            +---------+---------+-------+---------+---------+-------
      Total |      70 |       0 |   0.0 |      28 |       0 |   0.0
            +---------+---------+-------+---------+---------+-------
        D:1 |      34 |       0 |   0.0 |      21 |       0 |   0.0
        D:2 |      36 |       0 |   0.0 |       7 |       0 |   0.0
            +---------+---------+-------+---------+---------+-------
